 Dungeon Crawl Stone Soup version 0.26-a0-683-g5206c1d7ac (webtiles) character file.

Game seed: 8032767689238926752

14 ringo67 the Ruffian (level 2, 23/26 HPs)
             Began as a Ghoul Monk on Oct 23, 2020.
             Quit the game on level 1 of the Dungeon.
             The game lasted 00:01:41 (208 turns).

ringo67 the Ruffian (Ghoul Monk)                     Turns: 208, Time: 00:01:42

Health: 23/26      AC:  2    Str: 14    XL:     2   Next: 45%
Magic:  1/1        EV: 13    Int:  5    God:
Gold:   13         SH:  0    Dex: 11    Spells: 1/1 levels left

rFire    . . .     SeeInvis .     - Unarmed
rCold    + . .     Faith    .   (no shield)
rNeg     + + +     Spirit   .   a - +0 robe
rPois    ∞         Reflect  .   (no helmet)
rElec    .         Harm     .   (no cloak)
rCorr    .         Rampage  .   (no gloves)
MR       .....                  (no boots)
Stlth    ++........             (no amulet)
HPRegen  0.08/turn              (no ring)
MPRegen  0.07/turn              (no ring)

@: no status effects
A: rotting body, claws 1, cold resistance 1, negative energy resistance 3,
inhibited regeneration, torment resistance, unbreathing
a: no special abilities


You were on level 1 of the Dungeon.
You visited 1 branch of the dungeon, and saw 1 of its levels.

You collected 13 gold pieces.

Inventory:

Armour
 a - a +0 robe (worn)
Jewellery
 e - a +6 ring of dexterity {unknown}
Scrolls
 b - a scroll of teleportation {unknown}
 c - a scroll of noise {unknown}
 d - a scroll of identify {unknown}


   Skills:
 + Level 3.4 Fighting
 + Level 0.5 Armour
 + Level 2.8 Dodging
 - Level 2.1 Stealth
 * Level 3.6 Unarmed Combat


You had one spell level left.
You didn't know any spells.
Your spell library was empty.

Dungeon Overview and Level Annotations

Branches:
Dungeon (1/15)

Altars:


Innate Abilities, Weirdness & Mutations

Your body is rotting away.
You thrive by killing the living.
You are immune to poison.
You have sharp fingernails.
Your flesh is cold resistant. (rC+)
You are immune to negative energy. (rN+++)
You do not regenerate when monsters are visible.
You are immune to unholy pain and torment.
You can survive without breathing.


Message History

You claw the hobgoblin!
You kill the hobgoblin!
The bat barely misses you. The bat hits you but does no damage.
You see here a hobgoblin corpse.
The bat hits you but does no damage. The bat hits you but does no damage.
The bat barely misses you. The rat bites you.
You scratch the bat.
You kill the bat!
You barely miss the rat. The rat barely misses you.
You scratch the rat.
The rat is moderately wounded.
The rat closely misses you.
You scratch the rat.
You kill the rat!
No target in view!
You see here a hobgoblin corpse.
Items here: )) ††.
Are you sure you want to abandon this character and quit the game? (Confirm with "yes".)

######.#######..###.....
.............#...#......
######.#######.#....###.#
#.# #........... #.#
####.#####.# #.# #...#
###.# # #<# ##)####...
... ### ##.#.#.#†#.....
#...@†..†......
##.......#.....
#..............
##....>..#.....
...............
#.#.......######
#.......... #.#.#.#.#.##


There were no monsters in sight!

Vanquished Creatures
  3 bats (D:1)
  2 giant cockroaches (D:1)
  A goblin (D:1)
  3 hobgoblins (D:1)
  3 frilled lizards (D:1)
  2 rats (D:1)
14 creatures vanquished.

Notes
Turn   | Place    | Note
-------+----------+-------------------------------------------
     0 | D:1      | ringo67 the Ghoul Monk began the quest for the Orb.
     0 | D:1      | Reached XP level 1. HP: 19/19 MP: 0/0
   153 | D:1      | Reached XP level 2. HP: 26/26 MP: 1/1
   208 | D:1      | Quit the game

Illustrated notes

Levels and vault maps discovered:
D:1:      lemuel_arrival_cross, layout_loops_cross, st_stairs_4,
          minmay_misc_feat_secret_circle

Action                   || total
-------------------------++-------
Melee: Unarmed           ||    35
Armor: Robe              ||     8
Dodge: Dodged            ||    25

Table legend: (Time is in decaauts)
 A = Elapsed time spent in this place.
 B = Non-inter-level travel time spent in this place.
 C = Inter-level travel time spent in this place.
 D = Time resting spent in this place.
 E = Time spent auto-exploring this place.
 F = Levels seen in this place.
 G = Mean time per level.
                   A        B        C        D        E       F      G
               +--------+--------+--------+--------+--------+-----+--------+
         Total |    205 |    205 |      0 |      0 |    123 |   1 |  205.0 |
       Dungeon |    205 |    205 |      0 |      0 |    123 |   1 |  205.0 |
               +--------+--------+--------+--------+--------+-----+--------+

Top non-repeatable levels by time:
     D:1: 205 daAuts
